 Dungeon Crawl Stone Soup version 0.27.1-34-g3ba077fa99 (webtiles) character file.

Game seed: 1753657513913393534

35 boopmooplesden the Shield-Bearer (level 3, 0/33 HPs)
             Began as a Minotaur Fighter on Jan 9, 2022.
             Killed from afar by a dart slug (2 damage)
             ... with a slug dart
             ... on level 2 of the Dungeon.
             The game lasted 00:00:53 (609 turns).

boopmooplesden the Shield-Bearer (Minotaur Fighter)  Turns: 609, Time: 00:00:54

Health: 0/33       AC:  7    Str: 21    XL:     3   Next: 16%
Magic:  2/2        EV:  7    Int:  5    God:
Gold:   64         SH:  9    Dex:  9    Spells: 2/2 levels left

rFire    . . .     SeeInvis .   a - +0 war axe
rCold    . . .     Faith    .   c - +0 kite shield
rNeg     . . .     Spirit   .   b - +0 scale mail
rPois    .         Reflect  .   (helmet restricted)
rElec    .         Harm     .   (no cloak)
rCorr    .         Rampage  .   (no gloves)
Will     .....                  (no boots)
Stlth    ..........             (no amulet)
HPRegen  0.11/turn              (no ring)
MPRegen  0.08/turn              (no ring)

@: mighty
A: horns 2, retaliatory headbutt
a: no special abilities


You were on level 2 of the Dungeon.
You visited 1 branch of the dungeon, and saw 2 of its levels.

You collected 64 gold pieces.

Inventory:

Hand Weapons
 a - a +0 war axe (weapon)
Armour
 b - a +0 scale mail (worn)
 c - a +0 kite shield (worn)
 g - a +0 pair of gloves
Jewellery
 e - a ring of willpower
Scrolls
 f - a scroll of magic mapping {unknown}
 h - a scroll of amnesia {unknown}


   Skills:
 + Level 3.9 Fighting
 + Level 2.9 Axes
 + Level 4.0 Armour
 + Level 0.4 Dodging
 + Level 4.2 Shields


You had 2 spell levels left.
You didn't know any spells.
Your spell library contained the following spells:

 Spells                   Type           Power      Damage    Failure   Level
 Conjure Flame            Conj/Fire      0%         6-21      100%        3
 Ignite Poison            Fire/Tmut/Pois 0%         N/A       100%        3
 Sticky Flame             Conj/Fire      0%         2d3       100%        4


Dungeon Overview and Level Annotations

Branches:
Dungeon (2/15)

Altars:


Innate Abilities, Weirdness & Mutations

You have a pair of horns on your head.
You reflexively headbutt those who attack you in melee.


Message History

You barely miss the adder. The adder bites you but does no damage.
The adder barely misses you.
You barely miss the adder. You block the adder's attack.
The adder completely misses you.
You miss the adder. The adder bites you.
You are poisoned.
The adder poisons you! The adder bites you.
You hit the adder.
The adder is moderately wounded.
You feel very sick. The adder bites you.
You are more poisoned.
The adder poisons you! The adder bites you but does no damage.
You miss the adder. Your headbutt misses the adder.
The adder is moderately wounded.
You feel very sick. The adder completely misses you.
The adder closely misses you. You block the adder's attack.
You slash the adder!
The adder is almost dead.
You feel sick. The adder bites you. x2
You miss the adder.
The adder is almost dead.
You feel sick. The adder bites you.
* * * LOW HITPOINT WARNING * * *
You block the adder's attack.
You hit the adder.
You kill the adder!
* * * LOW HITPOINT WARNING * * *
You feel sick.
You have reached level 3!
Your experience leads to an increase in your attributes!
Increase (S)trength, (I)ntelligence, or (D)exterity?
You feel stronger.
You feel very mighty all of a sudden.
You feel sick.
You are no longer poisoned.
The dart slug launches a dart at you. The slug dart hits you.
You die...

#.#.####
..#.#....
..#.#..###
..#<#..#.##.
#.#..†......
#.##....###.
#. #......#
#w##...)..#
+.@.......#
###########


You could see a dart slug.

Vanquished Creatures
  An adder (D:2)
  3 bats (D:1)
  2 endoplasms (D:1)
  2 giant cockroaches (D:1)
  2 goblins (D:1)
  A hobgoblin (D:1)
  4 jackals (D:2)
  2 ball pythons (D:1)
  2 frilled lizards (D:1)
  2 kobolds (D:1)
  2 rats (D:1)
23 creatures vanquished.

Notes
Turn   | Place    | Note
-------+----------+-------------------------------------------
     0 | D:1      | boopmooplesden the Minotaur Fighter began the quest for the
                  | Orb.
     0 | D:1      | Reached XP level 1. HP: 19/19 MP: 0/0
    79 | D:1      | Reached XP level 2. HP: 20/27 MP: 1/1
   609 | D:2      | Reached XP level 3. HP: 3/33 MP: 2/2
   609 | D:2      | Killed from afar by a dart slug

Illustrated notes

Levels and vault maps discovered:
D:1:      dpeg_arrival_line_fractal, layout_rooms
D:2:      layout_basic, shapermc_ecumenical_altar_pompeii,
          uniq_crazy_yiuf_cottage, uniq_terence, uniq_robin

Skill      XL: |  1  2 |
---------------+-------+-----
Shields        | 4 |  4.2
Armour         | 4 |  4.0
Fighting       | |  3.9
Axes           | |  2.9
Dodging        | |  0.4

Action                   || total
-------------------------++-------
Melee: War axe           ||    57
       Headbutt          ||     6
  Use: Potion            ||     1
Armor: Scale mail        ||    48
Dodge: Dodged            ||    38
Block: Kite shield       ||    47
